ORI
LOUISIANA STATE UNIVERSITY TIGERS @ FLORIDA STATE UNIVERSITY SEMINOLES
10/27/2046
 
TOP OF THE 1ST
Louisiana State University Tigers batting - Pitching for Florida State University Seminoles : RHP Jeff Blakeney
Pitching: RHP Jeff Blakeney
Batting: LHB Elijah Mallandain 0-0: Called Strike
0-1: Ball
1-1: Ball
2-1: Ground out 4-3 (Groundball, 4, EV 85.0 MPH)
Batting: RHB Pete Roberts 0-0: Ball
1-0: Ball
2-0: Ball
3-0: Called Strike
3-1: Ground out U3 (Groundball, 3L, EV 106.9 MPH)
Batting: RHB Peter Turcotte 0-0: Ball
1-0: Ball
2-0: Ball
3-0: Base on Balls
Batting: RHB Winston Vasquez 0-0: Ball
1-0: Called Strike
1-1: Foul Ball, location: 2F
1-2: Strikes out swinging
Top of the 1st over - 0 runs, 0 hits, 0 errors, 1 left on base; Louisiana State University 0 - Florida State University 0
BOTTOM OF THE 1ST
Florida State University Seminoles batting - Pitching for Louisiana State University Tigers : RHP Sal Ganzalez
Pitching: RHP Sal Ganzalez
Batting: RHB Larry Berge 0-0: Bunt missed!
0-1: Ground out 6-3 (Groundball, 56, EV 83.8 MPH)
Batting: LHB Ethan Ware 0-0: Ball
1-0: Fly out, F8 (Flyball, 8LD, EV 91.2 MPH)
Batting: RHB Ray Johnson 0-0: Swinging Strike
0-1: Foul Ball, location: 2F
0-2: Ball
1-2: Strikes out looking
Bottom of the 1st over - 0 runs, 0 hits, 0 errors, 0 left on base; Louisiana State University 0 - Florida State University 0
TOP OF THE 2ND
Louisiana State University Tigers batting - Pitching for Florida State University Seminoles : RHP Jeff Blakeney
Batting: RHB Keith Ashton 0-0: Fly out, F7 (Flyball, 7, EV 91.2 MPH)
Batting: LHB Oscar Rivera 0-0: Ball
1-0: Ball
2-0: Foul Ball, location: 2F
2-1: Ball
3-1: Base on Balls
Batting: LHB Alex Morales 0-0: Ball
1-0: Called Strike
1-1: Swinging Strike
1-2: Ball
2-2: Ball
3-2: Fly out, F8 (Flyball, 8LM, EV 93.1 MPH)
Batting: RHB David Olivarez 0-0: Called Strike
0-1: Fielders Choice at 2nd, 5-4 (Groundball, 5, EV 82.5 MPH)
Top of the 2nd over - 0 runs, 0 hits, 0 errors, 1 left on base; Louisiana State University 0 - Florida State University 0
BOTTOM OF THE 2ND
Florida State University Seminoles batting - Pitching for Louisiana State University Tigers : RHP Sal Ganzalez
Batting: RHB Washichi Goto 0-0: Called Strike
0-1: Ball
1-1: Called Strike
1-2: Ball
2-2: Ball
3-2: Ground out 5-3 (Groundball, 56, EV 108.8 MPH)
Batting: SHB Sammar Wambugu 0-0: Ball
1-0: Foul Ball, location: 2F
1-1: Foul Ball, location: 2F
1-2: Strikes out swinging
Batting: RHB Tony Valdez 0-0: Fly out, F9 (Flyball, 89M, EV 84.4 MPH)
Bottom of the 2nd over - 0 runs, 0 hits, 0 errors, 0 left on base; Louisiana State University 0 - Florida State University 0
TOP OF THE 3RD
Louisiana State University Tigers batting - Pitching for Florida State University Seminoles : RHP Jeff Blakeney
Batting: LHB Josh Lane 0-0: Ball
1-0: Called Strike
1-1: Called Strike
1-2: Strikes out swinging
Batting: LHB Elijah Mallandain 0-0: Ball
1-0: Ball
2-0: Called Strike
2-1: Fly out, F9 (Flyball, 89S, EV 91.9 MPH)
Batting: RHB Pete Roberts 0-0: Ball
1-0: Ball
2-0: Ball
3-0: Called Strike
3-1: Fly out, F3 (Popup, 3F, EV 82.5 MPH)
Top of the 3rd over - 0 runs, 0 hits, 0 errors, 0 left on base; Louisiana State University 0 - Florida State University 0
BOTTOM OF THE 3RD
Florida State University Seminoles batting - Pitching for Louisiana State University Tigers : RHP Sal Ganzalez
Batting: RHB Ed Vilches 0-0: Ball
1-0: SOLO HOME RUN (Flyball, 78XD, EV 100.6 MPH), Distance : 401 ft
Batting: RHB Ruben Moreno 0-0: Called Strike
0-1: Swinging Strike
0-2: Strikes out swinging
Batting: RHB Terry Cisneros 0-0: Fly out, F7 (Flyball, 7, EV 85.6 MPH)
Batting: RHB Larry Berge 0-0: Ball
1-0: Foul Ball, location: 2F
1-1: Foul Ball, location: 2F
1-2: Ball
2-2: Strikes out swinging
Bottom of the 3rd over - 1 run, 1 hit, 0 errors, 0 left on base; Louisiana State University 0 - Florida State University 1
TOP OF THE 4TH
Louisiana State University Tigers batting - Pitching for Florida State University Seminoles : RHP Jeff Blakeney
Batting: RHB Peter Turcotte 0-0: Ball
1-0: Foul Ball, location: 2F
1-1: Called Strike
1-2: Fly out, F8 (Flyball, 89S, EV 85.0 MPH)
Batting: RHB Winston Vasquez 0-0: Called Strike
0-1: Ball
1-1: Ball
2-1: Ball
3-1: Ground out 5-3 (Groundball, 56S, EV 81.2 MPH)
Batting: RHB Keith Ashton 0-0: Swinging Strike
0-1: DOUBLE (Line Drive, 8LXD, EV 104.4 MPH)
Batting: LHB Oscar Rivera 0-0: Ground out 6-3 (Groundball, 6, EV 87.5 MPH)
Top of the 4th over - 0 runs, 1 hit, 0 errors, 1 left on base; Louisiana State University 0 - Florida State University 1
BOTTOM OF THE 4TH
Florida State University Seminoles batting - Pitching for Louisiana State University Tigers : RHP Sal Ganzalez
Batting: LHB Ethan Ware 0-0: Ball
1-0: Called Strike
1-1: Ball
2-1: Called Strike
2-2: Foul Ball, location: 2F
2-2: Fly out, F9 (Line Drive, 9S, EV 105.0 MPH)
Batting: RHB Ray Johnson 0-0: Called Strike
0-1: Ball
1-1: Ball
2-1: Called Strike
2-2: Ball
3-2: Strikes out looking
Batting: RHB Washichi Goto 0-0: Called Strike
0-1: Ball
1-1: Foul Ball, location: 2F
1-2: Strikes out swinging
Bottom of the 4th over - 0 runs, 0 hits, 0 errors, 0 left on base; Louisiana State University 0 - Florida State University 1
TOP OF THE 5TH
Louisiana State University Tigers batting - Pitching for Florida State University Seminoles : RHP Jeff Blakeney
Batting: LHB Alex Morales 0-0: Fly out, F8 (Flyball, 8LS, EV 85.6 MPH)
Batting: RHB David Olivarez 0-0: Ball
1-0: Ball
2-0: Foul Ball, location: 2F
2-1: Called Strike
2-2: Strikes out looking
Batting: LHB Josh Lane 0-0: Ball
1-0: Called Strike
1-1: Fly out, F9 (Flyball, 9, EV 85.6 MPH)
Top of the 5th over - 0 runs, 0 hits, 0 errors, 0 left on base; Louisiana State University 0 - Florida State University 1
BOTTOM OF THE 5TH
Florida State University Seminoles batting - Pitching for Louisiana State University Tigers : RHP Sal Ganzalez
Batting: SHB Sammar Wambugu 0-0: Called Strike
0-1: Swinging Strike
0-2: Strikes out looking
Batting: RHB Tony Valdez 0-0: Ball
1-0: Ball
2-0: Ground out 5-3 (Groundball, 5, EV 108.8 MPH)
Batting: RHB Ed Vilches 0-0: Ball
1-0: Foul Ball, location: 2F
1-1: Ball
2-1: Foul Ball, location: 2F
2-2: Foul Ball, location: 2F
2-2: Foul Ball, location: 2F
2-2: Strikes out looking
Bottom of the 5th over - 0 runs, 0 hits, 0 errors, 0 left on base; Louisiana State University 0 - Florida State University 1
TOP OF THE 6TH
Louisiana State University Tigers batting - Pitching for Florida State University Seminoles : RHP Jeff Blakeney
Batting: LHB Elijah Mallandain 0-0: Ball
1-0: Foul Ball, location: 2F
1-1: Foul Ball, location: 2F
1-2: Ground out 3-1 (Groundball, 34, EV 107.5 MPH)
Batting: RHB Pete Roberts 0-0: Ground out 5-3 (Groundball, 56, EV 84.4 MPH)
Batting: RHB Peter Turcotte 0-0: Swinging Strike
0-1: Swinging Strike
0-2: Ground out U3 (Groundball, 34, EV 103.8 MPH)
Top of the 6th over - 0 runs, 0 hits, 0 errors, 0 left on base; Louisiana State University 0 - Florida State University 1
BOTTOM OF THE 6TH
Florida State University Seminoles batting - Pitching for Louisiana State University Tigers : RHP Sal Ganzalez
Batting: RHB Ruben Moreno 0-0: Called Strike
0-1: Ball
1-1: Ground out 5-3 (Groundball, 56S, EV 75.0 MPH)
Batting: RHB Terry Cisneros 0-0: Ball
1-0: Ball
2-0: Foul Ball, location: 2F
2-1: Ball
3-1: Foul Ball, location: 2F
3-2: Fly out, F7 (Flyball, 7LMF, EV 100.6 MPH)
Batting: RHB Larry Berge 0-0: Swinging Strike
0-1: Ground out 5-3 (Groundball, 5S, EV 88.8 MPH)
Bottom of the 6th over - 0 runs, 0 hits, 0 errors, 0 left on base; Louisiana State University 0 - Florida State University 1
TOP OF THE 7TH
Louisiana State University Tigers batting - Pitching for Florida State University Seminoles : RHP Jeff Blakeney
Pinch Hitting: SHB Brian Caruso 0-0: Ball
1-0: Ball
2-0: Foul Ball, location: 2F
2-1: Foul Ball, location: 2F
2-2: Ball
3-2: Ground out 4-3 (Groundball, 4D, EV 98.1 MPH)
Pitching: RHP Gordie DiMario
Pinch Hitting: RHB Stewart Walker 0-0: Called Strike
0-1: SINGLE (Groundball, 34D, EV 106.2 MPH)
Pinch Hitting: LHB Manny Grado 0-0: Called Strike
0-1: Called Strike
0-2: Ball
1-2: Ball
2-2: Strikes out looking
Pinch Hitting: RHB Leo Roldan 0-0: Called Strike
0-1: Ground out 4-3 (Groundball, 4, EV 83.1 MPH)
Top of the 7th over - 0 runs, 1 hit, 0 errors, 1 left on base; Louisiana State University 0 - Florida State University 1
BOTTOM OF THE 7TH
Florida State University Seminoles batting - Pitching for Louisiana State University Tigers : RHP Sal Ganzalez
Now at 2B: Michael Maier
Now at 3B: Leo Roldan
Now in CF: Brian Caruso
Now in RF: Manny Grado
Batting: LHB Ethan Ware 0-0: Called Strike
0-1: Ball
1-1: Called Strike
1-2: Strikes out swinging
Batting: RHB Ray Johnson 0-0: Ball
1-0: Ball
2-0: Foul Ball, location: 2F
2-1: Ball
3-1: Foul Ball, location: 2F
3-2: Base on Balls
Pitching: LHP Bob Arms
Batting: RHB Washichi Goto 0-0: Called Strike
0-1: Called Strike
0-2: Foul Ball, location: 2F
0-2: 2-RUN HOME RUN (Flyball, 7LD, EV 95.0 MPH), Distance : 336 ft
Batting: SHB Sammar Wambugu 0-0: Foul Ball, location: 2F
0-1: Swinging Strike
0-2: Strikes out looking
Batting: RHB Tony Valdez 0-0: Ball
1-0: Ball
2-0: Fly out, F7 (Line Drive, 7, EV 88.8 MPH)
Bottom of the 7th over - 2 runs, 1 hit, 0 errors, 0 left on base; Louisiana State University 0 - Florida State University 3
TOP OF THE 8TH
Louisiana State University Tigers batting - Pitching for Florida State University Seminoles : RHP Gordie DiMario
Batting: RHB David Olivarez 0-0: Ball
1-0: Ground out 1-3 (Groundball, 13S, EV 65.0 MPH)
Batting: LHB Josh Lane 0-0: Called Strike
0-1: Called Strike
0-2: Ball
1-2: Ground out 3-1 (Groundball, 34S, EV 85.6 MPH)
Batting: LHB Elijah Mallandain 0-0: Called Strike
0-1: Foul Ball, location: 2F
0-2: SINGLE (Flyball, 4D, EV 92.5 MPH)
Batting: RHB Byung-hee Jee 0-0: Ball
1-0: Ball
2-0: Foul Ball, location: 2F
2-1: Foul Ball, location: 2F
2-2: 2-RUN HOME RUN (Flyball, 78XD, EV 98.8 MPH), Distance : 379 ft
Pinch Hitting: LHB Jon Valdez 0-0: Ball
1-0: Ball
2-0: Ball
3-0: Called Strike
3-1: Base on Balls
Pitching: LHP Nick Linkletter
Pinch Hitting: RHB Zachary Acker 0-0: Ball
1-0: Swinging Strike
1-1: Ball
2-1: Ball
3-1: Base on Balls
Jon Valdez to second
Pinch Hitting: RHB Steve McCoig 0-0: Ball
1-0: Ball
2-0: Foul Ball, location: 2F
2-1: Ball
3-1: Swinging Strike
3-2: Ground out 1-3 (Groundball, 13S, EV 69.4 MPH)
Top of the 8th over - 2 runs, 2 hits, 0 errors, 2 left on base; Louisiana State University 2 - Florida State University 3
BOTTOM OF THE 8TH
Florida State University Seminoles batting - Pitching for Louisiana State University Tigers : LHP Bob Arms
Now at 1B: Zachary Acker
Now at 2B: Mike Catalano
Now in CF: John Carter
Batting: RHB Ed Vilches 0-0: Ball
1-0: Swinging Strike
1-1: Ball
2-1: Swinging Strike
2-2: Ball
3-2: Foul Ball, location: 2F
3-2: Strikes out swinging
Batting: RHB Ruben Moreno 0-0: Called Strike
0-1: Fly out, F7 (Line Drive, 7, EV 91.9 MPH)
Batting: RHB Terry Cisneros 0-0: Fly out, F9 (Flyball, 9, EV 88.1 MPH)
Bottom of the 8th over - 0 runs, 0 hits, 0 errors, 0 left on base; Louisiana State University 2 - Florida State University 3
TOP OF THE 9TH
Louisiana State University Tigers batting - Pitching for Florida State University Seminoles : LHP Nick Linkletter
Pitching: RHP John Scott
Now at 1B: John Welsh
Now at 2B: Larry Berge
Now at 3B: Jason Farr
Now at SS: Jon Odle
Batting: LHB Manny Grado 0-0: Foul Ball, location: 2F
0-1: Foul Ball, location: 2F
0-2: Reached on error, E6 (Groundball, 6, EV 85.0 MPH)
Batting: RHB Leo Roldan 0-0: Bunt missed!
0-1: Bunt missed!
0-2: Grounds into double play, 6-4-3 (Groundball, 6, EV 85.0 MPH)
Pinch Hitting: RHB Bernie Benavides 0-0: Ball
1-0: Ball
2-0: Called Strike
2-1: Fly out, F4 (Popup, 34S, EV 87.5 MPH)
Top of the 9th over - 0 runs, 0 hits, 1 error, 0 left on base; Louisiana State University 2 - Florida State University 3
Tuesday, September 13th , 2022 - OOTP Baseball 23.7 Build 88